 Dungeon Crawl Stone Soup version 0.27.1-1-g398f81649c (webtiles) character file.

Game seed: 13896059484546752416

173 acemry the Stinger (level 5, 0/33 HPs)
             Began as an Octopode Transmuter on Sept 7, 2021.
             Succumbed to a kobold brigand's poison
             ... on level 4 of the Dungeon.
             The game lasted 00:06:29 (3528 turns).

acemry the Stinger (Octopode Transmuter)            Turns: 3528, Time: 00:06:29

Health: 0/33       AC:  2    Str: 10    XL:     5   Next: 53%
Magic:  6/8        EV: 19    Int: 16    God:
Gold:   152        SH:  0    Dex: 17    Spells: 4/8 levels left

rFire    . . .     SeeInvis .     - Unarmed
rCold    . . .     Faith    .   (shield currently unavailable)
rNeg     + . .     Spirit   .   (helmet currently unavailable)
rPois    x         Reflect  .   (no amulet)
rElec    .         Harm     .   a - ring of positive energy
rCorr    .         Rampage  .   (no ring)
Will     .....                  (no ring)
Stlth    ++........             (no ring)
HPRegen  0.11/turn              (no ring)
MPRegen  0.11/turn              (no ring)
                                (no ring)
                                (no ring)

@: lethally poisoned (0 -> -7), spider-form (expiring)
A: venomous fangs, almost no armour, (amphibious), 8 rings, tiny, (camouflage
1), (gelatinous body 1), (nimble swimmer 1), (tentacles)
a: End Transformation


You were on level 4 of the Dungeon.
You were a venomous arachnid creature.
You visited 1 branch of the dungeon, and saw 4 of its levels.

You collected 152 gold pieces.

Inventory:

Jewellery
 a - a ring of positive energy (left front leg)
Wands
 f - a wand of mindburst (9)
Scrolls
 b - a scroll of identify
 d - 2 scrolls of teleportation
 e - a scroll of enchant armour {unknown}
 g - a scroll of enchant weapon {unknown}
Potions
 c - a potion of curing {unknown}


   Skills:
 - Level 1.0 Fighting
 - Level 2.0 Dodging
 - Level 3.0 Unarmed Combat
 - Level 2.0 Spellcasting
 + Level 2.9 Transmutations
 * Level 5.5 Poison Magic


You had 4 spell levels left.
You knew the following spells:

 Your Spells              Type           Power      Damage    Failure   Level
a - Beastly Appendage     Tmut           22%        N/A       17%         1
b - Spider Form           Tmut/Pois      7%         N/A       26%         3

Your spell library contained the following spells:

 Spells                   Type           Power      Damage    Failure   Level
 Wereblood                Tmut           11%        N/A       24%         2
 Ice Form                 Ice/Tmut       6%         N/A       89%         4


Dungeon Overview and Level Annotations

Branches:
Dungeon (4/15)
 Temple: D:4-7

Altars:
Ru


Innate Abilities, Weirdness & Mutations

You are a venomous arachnid creature.
You have poisonous fangs.
You are tiny and dextrous.
Your spellcasting is less reliable in this form.
Your armour is entirely melded.
You are incapable of wielding weapons or throwing items.
You cannot wear most types of armour.
((You are amphibious.))
You can wear up to eight rings at the same time.
((Your skin changes colour to match your surroundings (Stealth+).))
((Your rubbery body absorbs attacks. (AC +1, EV +1)))
((You are camouflaged near water. (Stealth+)))
((You have tentacles for arms and can constrict up to eight enemies at once.))


Message History

You feel very sick.
The ogre shouts!
An orc comes into view. It is wielding a +0 hand axe.
The orc shouts!
You hit the dart slug.
The dart slug is poisoned.
The dart slug is severely wounded.
You feel very sick.
You hear a shout! x3
You kill the dart slug!
An orc wizard comes into view. It is wielding a +0 dagger.
The kobold brigand throws a poisoned dart.
The poisoned dart closely misses you.
You hear a shout!
An orc priest and an orc wizard come into view.
You feel sick.
The orc wizard shouts!
The orc priest shouts!
The orc wizard casts a spell.
The orc wizard flickers and vanishes!
Deactivating autopickup; reactivate with Ctrl-A.
The kobold brigand throws a poisoned dart.
The poisoned dart hits you!
You are lethally poisoned!
An orc wizard comes into view. It is wielding a +0 dagger.
An orc comes into view. It is wielding a +0 dagger.
The orc wizard moves out of view.
You hear a shout!
Your transformation is almost over.
You feel very sick.
You feel very sick.
* * * LOW HITPOINT WARNING * * *
You feel very sick.
* * * LOW HITPOINT WARNING * * *
You feel very sick.
The kobold brigand throws a poisoned dart.
The poisoned dart completely misses you.
* * * LOW HITPOINT WARNING * * *
You feel very sick.
* * * LOW HITPOINT WARNING * * *
You feel sick.
You die...

##..#...
##.....{####
.......o...#
..[........#
#..##....KO#######
# #............#
#.....(......#
##)..)....รท..#
##.......s..#
#...######## #...#
#...# #...# #...#
#####


You could see a kobold brigand, an ogre and an orc priest.

Vanquished Creatures
  An ogre (D:4)
  2 adders (D:2)
  A gnoll (D:1)
  4 dart slugs
  2 bats
  6 endoplasms
  2 giant cockroaches
  3 goblins
  5 hobgoblins
  2 jackals (D:2)
  3 quokkas
  6 ball pythons
  3 frilled lizards
  4 kobolds
  4 rats
48 creatures vanquished.

Notes
Turn   | Place    | Note
-------+----------+-------------------------------------------
     0 | D:1      | acemry the Octopode Transmuter began the quest for the Orb.
     0 | D:1      | Reached XP level 1. HP: 13/13 MP: 3/3
   122 | D:1      | Reached skill level 1 in Poison Magic
   332 | D:1      | Reached skill level 2 in Poison Magic
   332 | D:1      | Reached XP level 2. HP: 18/18 MP: 3/5
   508 | D:1      | Reached skill level 3 in Poison Magic
   508 | D:1      | Reached XP level 3. HP: 4/23 MP: 6/6
   512 | D:1      | Learned a level 3 spell: Spider Form
  1238 | D:1      | Found a faded altar of an unknown god.
  2026 | D:2      | Reached skill level 4 in Poison Magic
  2056 | D:2      | Reached XP level 4. HP: 25/28 MP: 5/7
  3079 | D:3      | Found a sacrificial altar of Ru.
  3155 | D:4      | Noticed an ogre
  3183 | D:4      | Noticed a kobold brigand
  3183 | D:4      | Killed an ogre
  3184 | D:4      | Reached skill level 5 in Poison Magic
  3184 | D:4      | Reached XP level 5. HP: 8/33 MP: 5/8
  3519 | D:4      | Noticed an ogre
  3528 | D:4      | Succumbed to a kobold brigand's poison

Illustrated notes

Levels and vault maps discovered:
D:1:      lightli_molten_gateway, layout_loops_corners, serial_aquarium,
          aquarium_bridge_long_separate [aquarium_subvault_bridge,
          aquarium_subvault_window, aquarium_subvault_window,
          aquarium_subvault_bridge, aquarium_subvault_balcony,
          aquarium_subvault_bridge], aquarium_bridge_square
          [aquarium_subvault_window, aquarium_subvault_bridge,
          aquarium_subvault_wall, aquarium_subvault_bridge],
          aquarium_window_corner, aquarium_window_1, aquarium_view_2e,
          aquarium_view_2e, aquarium_pool_side, ebering_ecumenical_altar_webs
D:2:      layout_loops_ring, nrook_uturn
D:3:      layout_rooms, mainiacjoe_overflow_alcove_1
D:4:      layout_basic, nicolae_dithmenos_shadow_blocks, minmay_checkerbox,
          uniq_robin

Skill      XL: |  1  2  3  4 |
---------------+-------------+-----
Poison Magic   | 2 3 4 5 |  5.5
Fighting       | |  1.0
Dodging        | |  2.0
Unarmed Combat | |  3.0
Spellcasting   | |  2.0
Transmutations | |  2.9

Action                   |  1- 3 |  4- 6 || total
-------------------------+-------+-------++-------
Melee: Unarmed           |    65 |    47 ||   112
       Kick              |    12 |    15 ||    27
       Constrict         |    17 |    11 ||    28
       Tentacles         |    10 |     6 ||    16
       Punch             |     1 |     2 ||     3
 Cast: Beastly Appendage |    22 |    15 ||    37
       Spider Form       |       |     2 ||     2
  Use: Scroll            |     3 |       ||     3
 Stab: Sleeping          |     5 |       ||     5
Armor: Skin              |     2 |     3 ||     5
Dodge: Dodged            |    33 |    29 ||    62
